 Dungeon Crawl Stone Soup version 0.19-a0-1682-g5114f93 (webtiles) character file.

55046 st0uf the Fighter (level 14, -3/119 HPs)
             Began as a Demonspawn Fighter on Sept 24, 2016.
             Was a Follower of Uskayaw.
             Slain by an orc warrior
             ... wielding a +0 long sword of holy wrath
              (12 damage)
             ... on level 2 of the Orcish Mines.
             The game lasted 01:05:32 (14264 turns).

st0uf the Fighter (Demonspawn Fighter)             Turns: 14264, Time: 01:05:34

Health: -3/119     AC: 31    Str: 21    XL:     14   Next: 36%
Magic:  23/23      EV: 12    Int: 10    God:    Uskayaw [*.....]
Gold:   1722       SH:  0    Dex: 13    Spells: 0 memorised, 13 levels left

rFire  . . .     SeeInvis .     t - +0 battleaxe
rCold  + . .     Gourm    +     Q - +6 chain mail "Diph" {rN+}
rNeg   + . .     Faith    .     (shield currently unavailable)
rPois  +         Spirit   .     (helmet unavailable)
rElec  .         Dismiss  .     h - +0 cloak
rCorr  .         Reflect  .     F - +0 pair of gloves
MR     +....     Harm     .     R - +0 pair of boots
Stlth  ..........               N - amulet of the gourmand
                                u - +5 ring of protection
                                W - ring of poison resistance

@: no status effects
A: horns 3, icy blue scales 3, powered by death 2, spiny 2
a: Stomp, Renounce Religion


You were on level 2 of the Orcish Mines.
You worshipped Uskayaw.
Uskayaw was pleased with you.
You were very full.

You visited 3 branches of the dungeon, and saw 19 of its levels.
You also visited: Sewer.

You collected 1988 gold pieces.
You spent 266 gold pieces at shops.

Inventory:

Hand Weapons
 b - the +9 mace "Laupaffiy" {flame, rElec rPois rC+}
   (You took it off a centaur on level 11 of the Dungeon)

   It has been specially enchanted to burn those struck by it, causing extra
   injury to most foes and up to half again as much damage against particularly
   susceptible opponents.
   It protects you from cold.
   It insulates you from electricity.
   It protects you from poison.
 t - a +0 battleaxe (weapon)
Armour
 h - a +0 cloak (worn)
 F - a +0 pair of gloves (worn)
 Q - the +6 chain mail "Diph" (worn) {rN+}
   (You bought it in a shop on level 6 of the Dungeon)

   It protects you from negative energy.
 R - a +0 pair of boots (worn)
Jewellery
 e - an uncursed ring of ice
 p - an uncursed amulet of regeneration
 u - a +5 ring of protection (right hand)
 K - an uncursed ring of protection from magic
 N - an amulet of the gourmand (around neck)
 W - a ring of poison resistance (left hand)
Wands
 q - a wand of confusion (48/48)
 z - a wand of lightning (5/15)
Scrolls
 a - 2 scrolls of holy word {unknown}
 k - a scroll of fog
 l - 10 scrolls of remove curse
 m - 6 scrolls of recharging
 n - 2 scrolls of random uselessness {unknown}
 s - 5 scrolls of magic mapping
 y - 3 scrolls of blinking {unknown}
 C - 4 scrolls of immolation {unknown}
 E - 8 scrolls of teleportation {unknown}
 H - 4 scrolls of fear {unknown}
 M - 2 scrolls of summoning {unknown}
 O - 3 scrolls of enchant armour {unknown}
 V - a scroll of enchant weapon {unknown}
 X - 2 scrolls of amnesia {unknown}
 Z - 3 scrolls of vulnerability {unknown}
Potions
 c - 6 potions of curing
 d - 4 potions of might
 g - 4 potions of berserk rage
 i - 2 potions of flight
 j - a potion of cure mutation
 v - 4 potions of agility
 w - 2 potions of invisibility
 x - a potion of ambrosia
 A - 4 potions of haste
 B - 3 potions of lignification
 D - 2 potions of heal wounds
 I - a potion of magic
 T - 3 potions of resistance
 U - a potion of mutation {unknown}
Comestibles
 f - 19 bread rations


   Skills:
 * Level 13.9 Fighting
 * Level 12.3 Axes
 + Level 9.5 Armour
 + Level 9.0 Dodging
   Level 2.6 Shields
 + Level 12.2 Invocations


You had 13 spell levels left.
You didn't know any spells.

Dungeon Overview and Level Annotations

Branches:
Dungeon (11/15)            Temple (0/1) D:5            Lair (6/6) D:8
  Swamp (0/4) Lair:3        Snake (0/4) Lair:4        Slime (0/5) Lair:6
    Orc (2/2) D:11            Elf (0/3) Orc:2

Altars:
Cheibriados
Dithmenos
Elyvilon
Okawaru
Uskayaw
Beogh

Shops:
D:6 [   D:7 =


Innate Abilities, Weirdness & Mutations

You have a pair of large horns on your head.
You are completely covered in icy blue scales. (AC +4, rC+)
You regenerate health from kills.
You are mostly covered in sharp spines.


Message History

An orc and an orc high priest come into view.
You closely miss the orc sorcerer.
The orc shouts!
The orc high priest shouts!
You headbutt the orc sorcerer.
The orc sorcerer is almost dead.
You hit the orc high priest but do no damage.
You barely miss the sixfirhy. You barely miss the orc warrior. x2
You slash the ice devil! You miss the chaos spawn. The sixfirhy misses you.
The ice devil hits you!
* * * LOW HITPOINT WARNING * * *
The ice devil freezes you! You resist.
* * * LOW HITPOINT WARNING * * *
The orc priest mumbles some strange prayers to Beogh against you.
Beogh smites you!
* * * LOW HITPOINT WARNING * * *
The orc wizard looks braver for a moment.
The orc sorcerer mumbles some strange words.
The orc sorcerer shimmers violently.
The orc warrior hits you with a long sword of holy wrath!
You die...

## ## #....##
###.....###
#.........#
###.....###
#.........#
#.........#
#.........#
#..o4oo...#
#...o@3o..#
..o..o4oo4o.oo.


.o..oooooo.oo... ..o.oooo3....... ###..ooo.o..###. #...4oo...# #..o......#
#oo..⌠....# You could see an orc warlord, 3 orc knights, 3 orc high priests, a
hellwing, an ice devil, a sixfirhy, a smoke demon, 2 chaos spawn, 3 orc
sorcerers, 9 orc warriors, 5 orc priests, 4 orc wizards and 7 orcs.

Vanquished Creatures
  Harold (D:11)
  4 hydras
  A catoblepas (Lair:6)
  3 death yaks (Lair:5)
  A fire crab (Lair:6)
  An unseen horror (D:10)
  Pikel (D:9)
  A hill giant (D:11)
  A manticore (D:11)
  A cyclops (D:11)
  A centaur zombie (D:10)
  8 elephants
  4 black mambas
  9 spiny frogs
  A torpor snail (Lair:3)
  A kobold demonologist (D:11)
  13 rime drakes
  3 komodo dragons
  Prince Ribbit (D:6)
  2 trolls
  A two-headed ogre (D:9)
  6 polar bears
  3 dream sheep (Lair:3)
  14 hippogriffs
  21 blink frogs
  A redback (Lair:6)
  A vampire (D:11)
  31 yaks
  15 spriggans
  A shadow (D:11)
  10 wyverns
  7 basilisks
  Grum (D:9)
  3 hungry ghosts
  2 wargs (Orc:2)
  2 hell hounds (D:8)
  2 nagas (Lair:4)
  10 water moccasins
  Duvessa (D:6)
  11 porcupines
  3 black bears
  12 orc warriors
  2 sky beasts (D:7)
  4 slaves (D:9)
  3 phantoms
  3 wasps (Lair:6)
  3 boggarts (Lair:6)
  5 centaurs
  39 wolves
  3 ogres
  12 crocodiles
  2 big kobolds
  A gnoll sergeant (D:11)
  13 bullfrogs
  Dowan (D:6)
  9 killer bees
  3 scorpions
  5 wights
  A howler monkey (D:9)
  4 electric eels
  4 bullfrog zombies
  6 crimson imps
  A wasp zombie (D:8)
  6 hounds
  5 jellies
  17 orc wizards
  A bullfrog skeleton (D:8)
  A centaur skeleton (D:4)
  17 orc priests
  13 iguanas
  Terence (D:3)
  Ijyb (D:2)
  Natasha (D:2)
  6 worker ants
  3 killer bee zombies
  8 ogre zombies (D:11)
  A hound skeleton (D:4)
  A worker ant zombie (D:10)
  Robin (D:3)
  6 gnolls
  14 river rats (Lair:6)
  14 adders
  An ooze (Sewer)
  2 adder skeletons
  6 worms
  2 leopard geckos
  36 orcs
  6 bats
  5 giant cockroaches
  12 goblins
  5 hobgoblins
  5 quokkas
  6 ball pythons
  3 frilled lizards
  2 goblin skeletons (D:11)
  7 goblin zombies (D:11)
  6 hobgoblin zombies (D:11)
  21 kobolds
  2 orc skeletons (D:11)
  8 orc zombies (D:11)
  8 rats
  2 fungi
602 creatures vanquished.

Vanquished Creatures (others)
  A water moccasin (Lair:6)
  A bush (Lair:6)
  7 fungi
  8 plants
17 creatures vanquished.

Grand Total: 619 creatures vanquished

Notes
Turn   | Place    | Note
-------+----------+-------------------------------------------
     0 | D:1      | st0uf the Demonspawn Fighter began the quest for the Orb.
     0 | D:1      | Reached XP level 1. HP: 18/18 MP: 1/1
   392 | D:2      | Gained mutation: You have a pair of small horns on your head. [demonic ancestry]
   392 | D:2      | Reached XP level 2. HP: 24/24 MP: 2/2
   553 | D:2      | Noticed Ijyb
   557 | D:2      | Killed Ijyb
   557 | D:2      | Gained mutation: You are partially covered in sharp spines. [demonic ancestry]
   557 | D:2      | Reached XP level 3. HP: 28/29 MP: 3/3
   943 | D:2      | Noticed Natasha
   949 | D:2      | Killed Natasha
   949 | D:2      | Reached skill level 1 in Dodging
   949 | D:2      | Gained mutation: You have a pair of horns on your head. [demonic ancestry]
   949 | D:2      | Reached XP level 4. HP: 28/37 MP: 4/4
  1226 | D:3      | Noticed Robin
  1234 | D:3      | Killed Robin
  1301 | D:3      | Reached skill level 4 in Fighting
  1513 | D:3      | Noticed Terence
  1520 | D:3      | Killed Terence
  1520 | D:3      | Gained mutation: You are partially covered in icy blue scales. (AC +2) [demonic ancestry]
  1520 | D:3      | Reached XP level 5. HP: 39/42 MP: 5/5
  1559 | D:3      | Found a snail-covered altar of Cheibriados.
  1601 | D:3      | Found a hide-covered altar of Uskayaw.
  1617 | D:3      | Became a worshipper of Uskayaw the Reveler
  1725 | D:4      | Noticed an ogre
  1830 | D:4      | Reached skill level 1 in Invocations
  1830 | D:4      | Reached * piety under Uskayaw
  1912 | D:4      | Noticed a phantom
  1923 | D:4      | Reached ** piety under Uskayaw
  1925 | D:4      | Killed a phantom
  1925 | D:4      | Gained mutation: You regenerate a little health from kills. [demonic ancestry]
  1925 | D:4      | Reached XP level 6. HP: 22/49 MP: 5/7
  2150 | D:4      | Reached *** piety under Uskayaw
  2242 | D:4      | Reached skill level 5 in Fighting
  2252 | D:4      | Reached XP level 7. HP: 14/56 MP: 8/8
  2711 | D:5      | Entered Level 5 of the Dungeon
  2801 | D:5      | Found a staircase to the Ecumenical Temple.
  3208 | D:5      | Found a shadowy altar of Dithmenos.
  3544 | D:6      | Reached XP level 8. HP: 7/64 MP: 6/10
  3724 | D:6      | Found a glowing drain.
  3735 | Sewer    | Entered a sewer
  4005 | Sewer    | Reached skill level 5 in Axes
  4146 | D:6      | Reached skill level 6 in Fighting
  4181 | D:6      | Found Quiss's Antique Armour Shop.
  4290 | D:6      | Noticed Prince Ribbit
  4302 | D:6      | Killed Prince Ribbit
  4314 | D:6      | Noticed Dowan
  4315 | D:6      | Noticed Duvessa
  4326 | D:6      | Killed Duvessa
  4329 | D:6      | Killed Dowan
  4864 | D:7      | Found Qozxaq's Jewellery Shop.
  4867 | D:7      | Reached skill level 7 in Fighting
  4912 | D:7      | Gained mutation: You have a pair of large horns on your head. [demonic ancestry]
  4912 | D:7      | Reached XP level 9. HP: 59/72 MP: 12/12
  4914 | D:7      | Reached skill level 5 in Armour
  5058 | D:7      | Reached skill level 5 in Invocations
  5532 | D:6      | Bought an ancient chain mail for 266 gold pieces
  5532 | D:6      | Identified the +6 chain mail "Diph" {rN+} (You bought it in a shop on level 6 of the Dungeon)
  5801 | D:8      | Found a shadowy altar of Dithmenos.
  5871 | D:8      | Reached skill level 8 in Fighting
  5876 | D:8      | Found a staircase to the Lair.
  6434 | D:9      | Noticed Pikel
  6444 | D:9      | Killed Pikel
  6444 | D:9      | Gained mutation: You regenerate health from kills. [demonic ancestry]
  6444 | D:9      | Reached XP level 10. HP: 80/82 MP: 14/14
  6515 | D:9      | Noticed Grum
  6521 | D:9      | Reached **** piety under Uskayaw
  6522 | D:9      | Killed Grum
  6634 | D:9      | Reached skill level 5 in Dodging
  6654 | D:9      | Found a white marble altar of Elyvilon.
  7054 | D:9      | Found an iron altar of Okawaru.
  7086 | D:10     | Entered Level 10 of the Dungeon
  7200 | D:10     | Reached skill level 9 in Fighting
  7434 | D:10     | Killed an unseen horror
  7981 | D:11     | Found a staircase to the Orcish Mines.
  7992 | D:11     | Reached ***** piety under Uskayaw
  7997 | D:11     | Gained mutation: You are mostly covered in icy blue scales. (AC +3) [demonic ancestry]
  7997 | D:11     | Reached XP level 11. HP: 90/90 MP: 16/16
  8086 | D:11     | Noticed a hill giant
  8088 | D:11     | Noticed Harold
  8093 | D:11     | Killed a hill giant
  8102 | D:11     | Killed Harold
  8102 | D:11     | Reached skill level 10 in Fighting
  8334 | D:11     | Identified the +9 mace "Laupaffiy" {flame, rElec rPois rC+} (You took it off a centaur on level 11 of the Dungeon)
  8459 | Lair:1   | Entered Level 1 of the Lair of Beasts
  8883 | Lair:1   | Reached skill level 11 in Fighting
  9226 | Lair:1   | Reached skill level 10 in Axes
  9226 | Lair:1   | Reached XP level 12. HP: 87/100 MP: 18/18
  9430 | Lair:2   | Noticed a five-headed hydra
  9443 | Lair:2   | Killed a five-headed hydra
 10218 | Lair:3   | Found a staircase to the Swamp.
 10496 | Lair:3   | Reached skill level 10 in Invocations
 10744 | Lair:3   | Reached skill level 12 in Fighting
 10817 | Lair:4   | Noticed a five-headed hydra
 10826 | Lair:4   | Killed a five-headed hydra
 10944 | Lair:4   | Gained mutation: You are mostly covered in sharp spines. [demonic ancestry]
 10944 | Lair:4   | Reached XP level 13. HP: 98/108 MP: 20/20
 11065 | Lair:4   | Found a staircase to the Snake Pit.
 12175 | Lair:6   | Entered Level 6 of the Lair of Beasts
 12241 | Lair:6   | Reached skill level 13 in Fighting
 12302 | Lair:6   | Reached ****** piety under Uskayaw
 12710 | Lair:6   | Found a staircase to the Slime Pits.
 12753 | Lair:6   | Gained mutation: You are completely covered in icy blue scales. (AC +4, rC+) [demonic ancestry]
 12753 | Lair:6   | Reached XP level 14. HP: 103/118 MP: 22/22
 13521 | Orc:1    | Entered Level 1 of the Orcish Mines
 13938 | Orc:2    | Entered Level 2 of the Orcish Mines
 14043 | Orc:2    | Found a staircase to the Elven Halls.
 14091 | Orc:2    | Found a roughly hewn altar of Beogh.
 14256 | Orc:2    | Noticed an orc warlord
 14257 | Orc:2    | Paralysed by an orc sorcerer for 6 turns
 14264 | Orc:2    | Slain by an orc warrior

Vault maps used:
D:1:      erik_arrival_triangle_huge
D:2:      uniq_iyjb, uniq_natasha
D:3:      cheibriados_altar_1, eat_drink_and_be_merry_uskayaw, first_bread,
          uniq_robin, uniq_terence
D:4:      hangedman_abyss_or_decor_lesser_grid
D:5:      lemuel_coloured_pillars_altar
D:6:      portal_sewer_entry_d, serial_shops, nicolae_shop_trees,
          uniq_prince_ribbit1, uniq_duvessa
D:7:      serial_shops, shop, the_bakery
D:8:      minmay_lair_entry_lava, basic_altar
D:9:      old_standard_altar, marbit_many_paths, stair_cage_line, uniq_pikel,
          uniq_grum
D:11:     zombieorc2_lemuel, st_stairs_12, uniq_harold
Lair:1:   beast_lair_carwin_6, serial_bayou_shore_a
Lair:2:   beast_lair_carwin_large_4, grunt_megastairs_2,
          infiniplex_staircase_pool, serial_bayou_shore_b
Lair:3:   swamp_mist
Lair:4:   guppyfry_snake_entry_garden, beast_lair_carwin_11
Lair:5:   minivault_24
Lair:6:   minmay_lair_end_enchanted_forest, slime_dummy, special_room
Orc:2:    st_orc_congregation, basic_altar, elves_outpost_lemuel
Sewer:    sewer_co_15_rooms

Skill      XL: |  1  2  3  4  5  6  7  8  9 10 11 12 13 14 |
---------------+-------------------------------------------+-----
Axes           | 2 3 4 6 7 8 10 11 12 | 12.3
Armour         | 3 4 5 6 7 8 9 |  9.5
Dodging        | 1 2 3 4 5 6 7 8 9 |  9.0
Fighting       | 4 5 7 8 9 11 12 13 | 13.9
Invocations    | 1 2 3 4 6 7 9 10 11 12 | 12.2
Shields        | |  2.6

Action                   |  1- 3 |  4- 6 |  7- 9 | 10-12 | 13-15 || total
-------------------------+-------+-------+-------+-------+-------++-------
Melee: War axe           |    61 |    86 |    37 |       |       ||   184
       Headbutt          |    11 |    16 |    40 |   120 |   102 ||   289
       Broad axe         |       |       |   202 |   308 |       ||   510
       Battleaxe         |       |       |       |   170 |   432 ||   602
       Mace              |       |       |       |     6 |    11 ||    17
Invok: Stomp             |       |       |     2 |       |       ||     2
       Grand Finale      |       |       |       |       |     1 ||     1
  Use: Scroll            |       |       |    10 |     5 |    10 ||    25
 Stab: Paralysed         |       |     1 |     2 |    62 |    52 ||   117
       Petrified         |       |       |       |       |     9 ||     9
  Eat: Chunk             |       |     4 |    17 |    18 |    22 ||    61
Armor: Scale mail        |    39 |    40 |    92 |       |       ||   171
       Chain mail        |       |       |    60 |   425 |   324 ||   809
Dodge: Dodged            |    32 |    37 |   125 |   315 |   299 ||   808
